 Dungeon Crawl Stone Soup version 0.21-a0-401-g0b6bec4 (webtiles) character file.

91 Kavrick the Skirmisher (level 4, -3/35 HPs)
             Began as a Demonspawn Fighter on Oct 21, 2017.
             Splashed by Ijyb's acid (14 damage)
             ... on level 3 of the Dungeon.
             The game lasted 00:01:51 (1578 turns).

Kavrick the Skirmisher (Demonspawn Fighter)         Turns: 1578, Time: 00:01:52

Health: -3/35      AC:  1    Str: 17    XL:     4   Next: 34%
Magic:  4/4        EV:  7    Int: 10    God:
Gold:   129        SH:  9    Dex: 12    Spells: 3/3 levels left

rFire    . . .     SeeInvis .   a - +0 war axe
rCold    . . .     Gourm    .   c - +0 shield
rNeg     . . .     Faith    .   b - +0 scale mail
rPois    .         Spirit   .   (helmet restricted)
rElec    .         Reflect  .   (no cloak)
rCorr    .         Harm     .   j - +0 pair of gloves
MR       .....                  m - +0 pair of boots
Stlth    ..........             (no amulet)
HPRegen  0.11/turn              (no ring)
MPRegen  0.09/turn              (no ring)

@: corroded
A: antennae 1
a: no special abilities


You were on level 3 of the Dungeon.
You were not hungry.

You visited 1 branch of the dungeon, and saw 3 of its levels.

You collected 129 gold pieces.

Inventory:

Hand Weapons
 a - a +0 war axe (weapon)
Armour
 b - a +0 scale mail (worn)
 c - a +0 shield (worn)
 j - a +0 pair of gloves (worn)
 m - a +0 pair of boots (worn)
Jewellery
 l - a cursed ring of loudness {unknown}
 s - a cursed amulet of inaccuracy {unknown}
Scrolls
 e - 2 scrolls of blinking {unknown}
 i - 4 scrolls of identify {unknown}
 n - a scroll of enchant weapon {unknown}
 o - a scroll of teleportation {unknown}
 r - a scroll of magic mapping {unknown}
Potions
 d - 3 potions of might
 g - a potion of mutation {unknown}
 h - 2 potions of cancellation {unknown}
 p - a potion of ambrosia {unknown}
 q - 2 potions of flight {unknown}
Comestibles
 f - 2 bread rations
 k - a royal jelly
 t - a meat ration
 u - 3 fruits
 v - 3 chunks of flesh


   Skills:
 + Level 3.5 Fighting
 * Level 3.0 Axes
 + Level 3.2 Armour
 + Level 3.1 Shields


You had 3 spell levels left.
You didn't know any spells.

Dungeon Overview and Level Annotations

Branches:
Dungeon (3/15)

Altars:
Yredelemnul

Annotations:
D:3 Ijyb


Innate Abilities, Weirdness & Mutations

You have a pair of small antennae on your head.


Message History

Ijyb zaps a wand.
The bolt of acid hits you! The acid corrodes you!
You are splashed with acid!
The acid burns!
It is a wand of acid (?/15).
You block Ijyb's attack.
You are too injured to fight recklessly!
You are too injured to fight recklessly!
You are too injured to fight recklessly!
You are too injured to fight recklessly!
You are too injured to fight recklessly!
You are too injured to fight recklessly!
You are too injured to fight recklessly!
You are too injured to fight recklessly!
You are too injured to fight recklessly!
You are too injured to fight recklessly!
You are too injured to fight recklessly!
You are too injured to fight recklessly!
Your shield and scale mail prevent you from hitting Ijyb.
Ijyb is lightly wounded.
Ijyb zaps a wand.
The bolt of acid hits you! The acid corrodes you!
You are splashed with acid!
The acid burns!
You die...

#.# ############.#.#
#≈≈.'........#.#
##≈..##########.# ###≈≈.##....#
#.# #.'..{'..#### #.#
##.###############.# #.
######.g####............# #.#
#.......@÷..############# #.#
#........†..# #.# #...........#
###.###...........#
#..............[..# ######
#.................# #....)
#.................########.####
###.###.....................#
#.# ###########....(......#


You could see Ijyb.

Vanquished Creatures
  2 adders
  An ooze (D:2)
  2 worms
  A dart slug (D:1)
  4 leopard geckos
  9 bats
  A giant cockroach (D:1)
  6 goblins
  9 hobgoblins
  4 jackals (D:2)
  A quokka (D:2)
  2 ball pythons (D:2)
  A frilled lizard (D:1)
  6 kobolds
  7 rats
56 creatures vanquished.

Notes
Turn   | Place    | Note
-------+----------+-------------------------------------------
     0 | D:1      | Kavrick the Demonspawn Fighter began the quest for the Orb.
     0 | D:1      | Reached XP level 1. HP: 18/18 MP: 1/1
   190 | D:1      | Gained mutation: You have a pair of small antennae on your head. [demonic ancestry]
   190 | D:1      | Reached XP level 2. HP: 24/24 MP: 2/2
   649 | D:1      | Reached XP level 3. HP: 29/29 MP: 3/3
   906 | D:2      | Found a basalt altar of Yredelemnul.
  1173 | D:2      | Reached XP level 4. HP: 34/35 MP: 4/4
  1576 | D:3      | Noticed Ijyb
  1578 | D:3      | Splashed by Ijyb's acid

Vault maps used:
D:1:      evilmike_arrival_run_for_it, serial_bayou_pond_a,
          hangedman_abyss_or_decor_lesser_grid
D:2:      yredelemnul_altar_generic, hangedman_decor_slide_cut
D:3:      kennysheep_nondescript, uniq_ijyb

Skill      XL: |  1  2  3  4 |
---------------+-------------+-----
Axes           | 2 3 |  3.0
Armour         | 3 |  3.2
Shields        | 3 |  3.1
Fighting       | |  3.5

Action                   |  1- 3 |  4- 6 || total
-------------------------+-------+-------++-------
Melee: War axe           |   111 |    38 ||   149
  Eat: Chunk             |     1 |     1 ||     2
Armor: Scale mail        |    60 |    19 ||    79
Dodge: Dodged            |    45 |    12 ||    57
Block: Shield            |    69 |    23 ||    92

Table legend:
 A = Spawn XP
 B = Non-spawn XP
 C = Spawn XP percentage of total XP
 D = Spawn monster count
 E = Non-spawn monster count
 F = Spawn count percentage of total count
 G = Total turns spent on level
                    A         B        C        D         E        F      G
               +---------+---------+-------+---------+---------+-------+---------
         Total |       0 |     131 |   0.0 |       0 |      56 |   0.0 |  1578
               +---------+---------+-------+---------+---------+-------+---------
           D:1 |       0 |      49 |   0.0 |       0 |      25 |   0.0 |   864
           D:2 |       0 |      53 |   0.0 |       0 |      20 |   0.0 |   527
           D:3 |       0 |      29 |   0.0 |       0 |      11 |   0.0 |   187
               +---------+---------+-------+---------+---------+-------+---------
